 Dungeon Crawl Stone Soup version 0.01-2116-g4fbfe89bb7 (webtiles) character file.

Game seed: 11848878698078595352, levelgen mode: deterministic

90 Lanoc the Chopper (level 4, -4/38 HPs) Minotaur Demonspawn. Began on June 14, 2020. Slain by a sewer rat (6 damage) ... on level 2 of the Dungeon. The game lasted 00:01:34 (340 turns).

Lanoc the Chopper (Minotaur Demonspawn)              Turns: 340, Time: 00:01:34

Health: -4/38      AC:  4    Str: 23    XL:     4 ^: 67
Magic:  0/5        EV: 13    Int:  9    God:
Gold:   21         SH:  0    Dex: 11    Spells: 4/5 levels left

rFire    . . .     Vision   .   a - +0 war axe
rCold    . . .     Gourm    .   (no weapon)
rNeg     . . .     Faith    .   b - +0 leather armour
rPois    .         Spirit   +   (helmet restricted)
rElec    .         Reflect  .   (no cloak)
rCorr    .         Harm     .   i - +0 pair of gloves
MR       .....                  (no boots)
Stlth    +.........             (no amulet)
HPRegen  0.22/turn              (no ring)
MPRegen  0.15/turn              (no ring)

@: mighty, very slightly contaminated
A: retaliatory headbutt, horns 2, magic shield
a: no special abilities


You were on level 2 of the Dungeon.
You were not hungry.

You visited 1 branch of the dungeon, and saw 2 of its levels.

You collected 21 gold pieces.

Inventory:

Weapons
 a - a +0 war axe (weapon) Shields
 e - a +0 targe
Armour
 b - a +0 leather armour (worn)
 i - a +0 pair of gloves (worn)
Scrolls
 f - 2 scrolls of fog
 g - a scroll of magic mapping
 h - a scroll of enchantment
Potions
 c - a potion of resistance
Comestibles
 d - 3 rations


   Skills:
 + Level 3.2 Fighting
 * Level 4.1 Axes & Hammers
 + Level 3.9 Dodging
 - Level 1.5 Stealth
 - Level 1.3 Spellcasting
   Level 2.6 Invocations


You had 4 spell levels left.
You knew the following spells:

 Your Spells              Type           Power        Failure   Level  Hunger
a - Flame Tongue          Fire           0 (40)       36%         1    ##.....

Your spell library contained the following spells:

 Spells                   Type           Power        Failure   Level  Hunger
 Blink                    Tloc           N/A          50%         2    ###....
 Call Imp                 Summ           0 (100)      50%         2    ###....
 Slow                     Hex            0 (100)      50%         2    ###....
 Conjure Flame            Fire           0 (100)      75%         3    ####...
 Mephitic Cloud           Pois/Air       0 (100)      75%         3    ####...


Dungeon Overview and Level Annotations

Branches:
Dungeon (2/8)

Altars:


Innate Abilities, Weirdness & Mutations

You reflexively headbutt those who attack you in melee.
You have a pair of horns on your head.
When hurt, damage is shared between your health and your magic reserves.


Message History

You hit the sewer rat (5).
The sewer rat is heavily wounded. (7/14) HP You hit the ball python (5).
You kill the ball python!
You slash the sewer rat (9)!
You kill the sewer rat!
Your Axes & Hammers skill increases to level 4!
You hit the sewer rat but do no damage. You hit the sewer rat (1).
Your headbutt misses the sewer rat.
The sewer rat is heavily wounded. (6/14) HP The sewer rat misses you (0).
The sewer rat bites you (7)!
* * * LOW HITPOINT WARNING * * *
The sewer rat misses you (0).
Okay, then.
Okay, then.
You slash the sewer rat (10)!
You kill the sewer rat!
You slash the sewer rat (8)! You hit the sewer rat (6).
The sewer rat closely misses you (0). The sewer rat bites you (6).
You die...

#.≈≈≈≈≈≈≈.
#≈≈≈≈≈≈≈≈#
#≈≈≈≈≈≈≈≈#
≈≈≈≈≈≈≈≈.#
#≈≈≈≈≈≈..#
#≈≈≈≈≈≈K.#
#≈≈≈≈≈≈K.#
#≈≈≈≈≈≈rr#
#>≈≈≈≈≈r@#
#.≈≈≈≈≈†≈#
#.≈≈≈≈≈≈≈#
#≈≈≈≈≈≈≈≈#
#.≈≈≈≈≈≈≈#
##########


You could see 3 sewer rats and 2 kobolds.

Vanquished Creatures
  5 sewer rats (D:2)
  A cinder newt (D:1)
  2 dart slugs (D:1)
  3 leopard geckos (D:1)
  2 ball pythons
  2 hobgoblins (D:1)
  5 bats (D:1)
  3 goblins (D:1)
  7 kobolds (D:1)
  6 rats (D:1)
36 creatures vanquished.

Notes
Turn   | Place    | Note
-------+----------+-------------------------------------------
     0 | D:1      | Lanoc the Minotaur Demonspawn began the quest for the Orb.
     0 | D:1      | Reached XP level 1. HP: 18/18 MP: 1/1
    48 | D:1      | Gained mutation: When hurt, damage is shared between your
                  | health and your magic reserves. [demonic ancestry]
    48 | D:1      | Reached XP level 2. HP: 8/25 MP: 3/3
    59 | D:1      | Reached skill level 3 in Axes & Hammers
   125 | D:1      | Reached XP level 3. HP: 26/30 MP: 4/4
   338 | D:2      | Reached XP level 4. HP: 7/38 MP: 1/5
   339 | D:2      | Reached skill level 4 in Axes & Hammers
   340 | D:2      | Slain by a sewer rat

Levels and vault maps discovered:
D:1:      psy_arrival_whirlpool, layout_loops_ring,
          chequers_serial_rivers_micro_d
D:2:      layout_sewer, okawaru_metal_pillars_1_2, serial_shops,
          nicolae_shop_stone, chequers_ecumenical_altar_simple, uniq_edmund

Skill      XL: |  1  2  3  4 |
---------------+-------------+-----
Axes & Hammers | 3 4 |  4.1
Fighting       | 3 |  3.2
Dodging        | |  3.9
Stealth        | |  1.5
Spellcasting   | |  1.3
Invocations    | |  2.6

Action                   |  1- 3 |  4- 6 || total
-------------------------+-------+-------++-------
Melee: War axe           |    52 |     2 ||    54
       Unarmed           |    32 |     1 ||    33
       Headbutt          |     6 |       ||     6
 Cast: Flame Tongue      |     1 |       ||     1
  Use: Potion            |     1 |       ||     1
 Stab: Sleeping          |     1 |       ||     1
Armor: Leather armour    |    16 |       ||    16
Dodge: Dodged            |    55 |     3 ||    58
